 Dungeon Crawl Stone Soup version 0.28-a0-199-g298df9dbad (webtiles) character file.

Game seed: 11881529867000655868

292 rabbitsville the Sneak (level 6, -2/47 HPs)
             Began as a Merfolk Wanderer on Aug 19, 2021.
             Slain by an orc (5 damage)
             ... on level 5 of the Dungeon.
             The game lasted 00:18:49 (3919 turns).

rabbitsville the Sneak (Merfolk Wanderer)           Turns: 3919, Time: 00:18:50

Health: -2/47      AC:  2    Str: 14    XL:     6   Next: 33%
Magic:  6/6        EV: 11    Int: 16    God:
Gold:   119        SH:  0    Dex: 15    Spells: 5/5 levels left

rFire   . . .      SeeInvis .   k - +1 dagger (venom)
rCold   . . .      Faith    .   (no shield)
rNeg    . . .      Spirit   .   h - +0 robe
rPois   .          Reflect  .   (no helmet)
rElec   .          Harm     .   (no cloak)
rCorr   .          Rampage  .   (no gloves)
Will    .....                   (no boots)
Stlth   ++++......              (no amulet)
HPRegen 0.15/turn               e - +6 ring of intelligence
MPRegen 0.10/turn               (no ring)

@: about to teleport
A: (nimble swimmer 2), mertail
a: no special abilities


You were on level 5 of the Dungeon.
You visited 1 branch of the dungeon, and saw 5 of its levels.

You collected 119 gold pieces.

Inventory:

Hand Weapons
 a - a +2 dagger
 k - a +1 dagger of venom (weapon)
Missiles
 i - 15 poisoned darts (quivered)
 p - 8 datura-tipped darts
Armour
 h - a +0 robe (worn)
Jewellery
 e - a +6 ring of intelligence (left hand)
Scrolls
 c - 2 scrolls of teleportation
 g - a scroll of magic mapping
 j - a scroll of enchant weapon {unknown}
 l - a scroll of noise {unknown}
 m - a scroll of holy word {unknown}
 o - a scroll of fog {unknown}
Potions
 b - a potion of might {unknown}
 d - a potion of degeneration {unknown}
 f - 2 potions of haste
 n - a potion of cancellation {unknown}


   Skills:
 + Level 3.6 Fighting
 * Level 5.3 Short Blades
 - Level 1.0 Throwing
 * Level 7.2 Stealth


You had 5 spell levels left.
You didn't know any spells.
Your spell library was empty.

Dungeon Overview and Level Annotations

Branches:
Dungeon (5/15)             Temple (0/1) D:5

Altars:
Nemelex Xobeh
Vehumet


Innate Abilities, Weirdness & Mutations

((You are quick and stealthy near water. (Stealth+, EV+, Speed+++)))
Your lower body shifts to a powerful aquatic tail in water.


Message History

An orc wizard comes into view. It is wielding a +0 dagger.
The orc wizard shouts!
You hit the orc but do no damage. The orc hits you with a +0 club.
You completely miss the orc. The orc hits you with a +0 war axe!
The orc wizard hits you with a +0 dagger.
The orc hits you with a +0 club.
You hit the orc wizard.
The orc wizard is poisoned.
The orc wizard is lightly wounded.
You hit the orc wizard.
The orc wizard is moderately wounded.
The orc wizard points at you and mumbles some strange words.
You resist with some effort. The orc hits you with a +0 war axe!
The orc closely misses you.
You hit the orc wizard.
The orc wizard looks as sick as possible!
The orc wizard is heavily wounded.
The orc hits you with a +0 war axe. The orc wizard closely misses you.
The orc barely misses you.
You hit the orc wizard.
The orc wizard looks as sick as possible!
The orc wizard is severely wounded.
The orc wizard hits you but does no damage.
The orc hits you with a +0 war axe.
* * * LOW HITPOINT WARNING * * *
The orc hits you with a +0 club.
* * * LOW HITPOINT WARNING * * *
Okay, then.
As you read the scroll of teleportation, it crumbles to dust.
You feel strangely unstable. The orc wizard casts a spell at you.
The magic dart hits you.
* * * LOW HITPOINT WARNING * * *
The orc hits you with a +0 war axe.
* * * LOW HITPOINT WARNING * * *
The orc hits you with a +0 club.
* * * LOW HITPOINT WARNING * * *
The orc closely misses you. The orc hits you with a +0 war axe.
You die...

<..###.######
............# .#
...###.####.# .#
#.## #.# #.# .#
#.# #.# #.# .# #.#
#.####.# .# ...
#....#.#### .# ⌠8.
#.........##.# ..
#.#......o.@.# ⌠8
#.#.#..##oo.## ...
##).)#.##...#
⌠8..##).....##...#
...<.....#####...#
#?..)..### #...#
#......# #...#
.......# #...#
#<...... ....#


You could see an orc wizard (extremely poisoned) and 2 orcs.

Vanquished Creatures
  2 orc priests
  A jelly (D:4)
  4 orc wizards
  2 adders
  A worm (D:2)
  5 dart slugs
  7 orcs
  5 endoplasms
  11 hobgoblins
  3 kobolds
  2 quokkas (D:1)
  8 ball pythons
  6 bats
  2 frilled lizards
  6 goblins
  4 rats
69 creatures vanquished.

Notes
Turn   | Place    | Note
-------+----------+-------------------------------------------
     0 | D:1      | rabbitsville the Merfolk Wanderer began the quest for the
                  | Orb.
     0 | D:1      | rabbitsville set off with the following items: a +2 dagger,
                  | a curare-tipped dart, a scroll of teleportation, a potion
                  | of curing, a +0 robe
     0 | D:1      | Reached XP level 1. HP: 16/16 MP: 1/1
   253 | D:1      | Reached XP level 2. HP: 17/23 MP: 2/2
   751 | D:1      | Found a radiant altar of Vehumet.
   803 | D:1      | Reached XP level 3. HP: 28/28 MP: 3/3
  1007 | D:1      | Reached skill level 6 in Stealth
  2036 | D:2      | Found a faded altar of an unknown god.
  2388 | D:3      | Reached XP level 4. HP: 21/34 MP: 4/4
  2626 | D:3      | Reached XP level 5. HP: 20/41 MP: 5/5
  3680 | D:4      | Noticed a phantom
  3681 | D:4      | Noticed an ogre
  3686 | D:5      | Entered Level 5 of the Dungeon
  3864 | D:5      | Found a sparkling altar of Nemelex Xobeh.
  3890 | D:5      | Reached skill level 5 in Short Blades
  3890 | D:5      | Reached skill level 7 in Stealth
  3890 | D:5      | Reached XP level 6. HP: 47/47 MP: 6/6
  3896 | D:5      | Found a staircase to the Ecumenical Temple.
  3919 | D:5      | Slain by an orc

Illustrated notes

Levels and vault maps discovered:
D:1:      minmay_arrival_up_and_down, layout_basic, minmay_hexomino_r4
D:2:      layout_basic, ebering_ecumenical_altar_webs
D:3:      layout_basic
D:4:      layout_loops_ring, mainiacjoe_overflow_24_doors,
          eino_small_chamber_without_monster
D:5:      layout_loops_ring, amcnicky_altar_gilded,
          minmay_temple_entry_drinking_statues, hangedman_decor_lopped,
          minmay_manual_monstrance, uniq_eustachio, uniq_ijyb,
          uniq_blork_the_orc, uniq_grinder

Skill      XL: |  1  2  3  4  5 |
---------------+----------------+-----
Short Blades   | 3 4 5 |  5.3
Stealth        | 6 7 |  7.2
Fighting       | 3 |  3.6
Throwing       | |  1.0

Action                   |  1- 3 |  4- 6 || total
-------------------------+-------+-------++-------
Melee: Dagger            |   109 |    83 ||   192
Throw: Dart              |     2 |    18 ||    20
  Use: Potion            |     1 |     1 ||     2
       Scroll            |       |     2 ||     2
 Stab: Sleeping          |    14 |     8 ||    22
Armor: Robe              |    17 |    12 ||    29
Dodge: Dodged            |    53 |    34 ||    87

Table legend: (Time is in decaauts)
 A = Elapsed time spent in this place.
 B = Non-inter-level travel time spent in this place.
 C = Inter-level travel time spent in this place.
 D = Time resting spent in this place.
 E = Time spent auto-exploring this place.
 F = Levels seen in this place.
 G = Mean time per level.
                   A        B        C        D        E       F      G
               +--------+--------+--------+--------+--------+-----+--------+
         Total |   3879 |   3879 |      0 |   1113 |   1226 |   5 |  775.8 |
       Dungeon |   3879 |   3879 |      0 |   1113 |   1226 |   5 |  775.8 |
               +--------+--------+--------+--------+--------+-----+--------+

Top non-repeatable levels by time:
     D:1: 1437 daAuts
     D:3: 1231 daAuts
     D:2: 857 daAuts
     D:5: 227 daAuts
     D:4: 126 daAuts
